 Dungeon Crawl Stone Soup version 0.29.1-1-gd02db6906a (webtiles) character file.

Game seed: 16138163716070598682

66 lonewolfV2 the Firebug (level 3, 0/26 HPs)
             Began as a Draconian Fire Elementalist on Oct 17, 2022.
             Slain by a scorpion (6 damage)
             ... on level 4 of the Dungeon.
             The game lasted 00:07:45 (3716 turns).

lonewolfV2 the Firebug (DrFE)                       Turns: 3716, Time: 00:07:46

Health: 0/26       AC:  5    Str: 10    XL:     3   Next: 96%
Magic:  0/6        EV: 12    Int: 17    God:
Gold:   157        SH:  0    Dex: 11    Spells: 3/6 levels left

rFire   . . .      SeeInvis .   (no weapon)
rCold   . . .      Faith    .   (no shield)
rNeg    . . .      Spirit   .   (body armour unavailable)
rPois   .          Reflect  .   (helmet restricted)
rElec   .          Harm     .   (no cloak)
rCorr   .          Rampage  .   (no gloves)
Will    .....                   (no boots)
Stlth   ++........              (no amulet)
HPRegen 0.08/turn               (no ring)
MPRegen 0.10/turn               (no ring)

@: brilliant
A: AC +5, unfitting armour, cold-blooded
a: no special abilities


You were on level 4 of the Dungeon.
You visited 1 branch of the dungeon, and saw 4 of its levels.

You collected 157 gold pieces.

Inventory:

Jewellery
 s - a ring of positive energy
Wands
 o - a wand of light (9)
 p - a wand of iceblast (10)
Scrolls
 g - a scroll of magic mapping
 h - a scroll of butterflies {unknown}
 i - a scroll of teleportation
 j - a scroll of torment
Potions
 a - a potion of magic
 c - a potion of ambrosia {unknown}
 d - a potion of cancellation {unknown}
 e - 2 potions of invisibility
 f - a potion of lignification {unknown}
 k - 2 potions of heal wounds {unknown}
 l - a potion of might {unknown}
 m - a potion of resistance {unknown}
 n - 2 potions of flight {unknown}


   Skills:
 + Level 2.3 Dodging
 + Level 2.3 Stealth
 - Level 0.1 Shields
 * Level 2.4 Spellcasting
 + Level 1.8 Conjurations
 + Level 3.4 Fire Magic


You had 3 spell levels left.
You knew the following spells:

 Your Spells              Type           Power      Damage    Failure   Level
a - Foxfire               Conj/Fire      64%        2x1d7     6%          1
b - Scorch                Fire           40%        2d7       7%          2

Your spell library contained the following spells:

 Spells                   Type           Power      Damage    Failure   Level
 Conjure Flame            Conj/Fire      16%        6-21      19%         3
 Inner Flame              Hex/Fire       12%        N/A       26%         3
 Flame Wave               Conj/Fire      16%        2d7       52%         4


Dungeon Overview and Level Annotations

Branches:
Dungeon (4/15)
 Temple: D:4-7

Altars:
Trog


Innate Abilities, Weirdness & Mutations

Your plain brown scales are hard. (AC +5)
You cannot fit into any form of body armour.
You are cold-blooded and may be slowed by cold attacks.


Message History

Your foxfire dissipates!
You feel clever all of a sudden. The quokka bites you.
The quokka attacks as you move away! The quokka closely misses you.
The quokka bites you but does no damage.
The hound pauses to sniff the ground.
You miss the quokka.
The quokka is heavily wounded.
The quokka barely misses you.
Casting: Foxfire (safe; 6% risk of failure)
Confirm with . or Enter, or press ? or * to list all spells.
You feel a surge of power!
You conjure some foxfire!
The quokka bites you but does no damage.
You hit the quokka.
The quokka is almost dead.
The quokka bites you.
You closely miss the quokka. You tail-slap the quokka.
You kill the quokka!
The scorpion closely misses you.
You closely miss the scorpion.
The scorpion is moderately wounded.
The scorpion closely misses you.
You barely miss the scorpion.
Your tail-slap misses the scorpion.
The scorpion is moderately wounded.
The scorpion misses you.
You barely miss the scorpion.
The scorpion is moderately wounded.
The scorpion stings you.
* * * LOW HITPOINT WARNING * * *
You closely miss the scorpion.
The scorpion is moderately wounded.
The scorpion stings you.
* * * LOW HITPOINT WARNING * * *
You completely miss the scorpion.
The scorpion is moderately wounded.
The scorpion barely misses you. x2
You hit the scorpion but do no damage.
The scorpion is moderately wounded.
The scorpion stings you.
You die...

. #.# #.#
#.# #.###
#.# #....
#<# #####
#####.# ###
#.<...# #.#
####### #.#
#@# #s# #h#
#l#
############
#.#
#...........
#.#
#.##########
#.# #.# #.#
#.# #.# #.#


You could see a scorpion, an iguana and a hound.

Vanquished Creatures
  An adder (D:2)
  4 dart slugs
  2 orcs (D:3)
  2 bats
  4 endoplasms
  2 giant cockroaches
  4 goblins
  4 hobgoblins
  3 quokkas
  6 ball pythons
  3 frilled lizards
  4 kobolds
  5 rats
44 creatures vanquished.

Vanquished Creatures (others)
  A wizard (D:3)
  76 foxfires
77 creatures vanquished.

Grand Total: 121 creatures vanquished

Notes
Turn   | Place    | Note
-------+----------+-------------------------------------------
     0 | D:1      | lonewolfV2 the Draconian Fire Elementalist began the quest
                  | for the Orb.
     0 | D:1      | Reached XP level 1. HP: 14/14 MP: 3/3
   490 | D:1      | Reached XP level 2. HP: 6/20 MP: 1/5
  1725 | D:2      | Reached XP level 3. HP: 26/26 MP: 2/6
  1872 | D:2      | Learned a level 2 spell: Scorch
  2632 | D:3      | Found a faded altar of an unknown god.
  3236 | D:3      | Found a bloodstained altar of Trog.
  3237 | D:3      | Noticed a wizard
  3242 | D:3      | Killed a wizard
  3677 | D:4      | Noticed a scorpion
  3716 | D:4      | Slain by a scorpion

Illustrated notes

Levels and vault maps discovered:
D:1:      spicycebolla_green_bress_n_ham_2, layout_loops_corners
D:2:      layout_loops_ring
D:3:      layout_basic, trog_wizard, chequers_ecumenical_altar_simple,
          solitary_fountain
D:4:      minmay_diamond_boxcup, layout_loops_ring, lemuel_crystal_altar,
          minmay_temple_entry_nine_rooms, minmay_starry_boxes, uniq_edmund,
          uniq_sigmund

Skill      XL: |  1  2 |
---------------+-------+-----
Stealth        | 2 |  2.3
Dodging        | 2 |  2.3
Shields        | |  0.1
Spellcasting   | |  2.4
Conjurations   | |  1.8
Fire Magic     | |  3.4

Action                   || total
-------------------------++-------
Melee: Unarmed           ||    37
       Tailslap          ||     8
 Cast: Foxfire           ||    66
       Scorch            ||     8
  Use: Scroll            ||     8
       Potion            ||     1
Armor: Skin              ||    23
Dodge: Dodged            ||    41
